 Dungeon Crawl Stone Soup version 0.26.1-11-gd32895ea62 (webtiles) character file.

Game seed: 535534094468389106

609048 raph the Metallomancer (level 27, -12/193 HPs)
             Began as a Gargoyle Earth Elementalist on June 13, 2021.
             Was the Champion of Ashenzari.
             Mangled by a golden dragon (32 damage)
             ... on level 5 of the Realm of Zot on June 14, 2021.
             The game lasted 03:42:51 (81594 turns).

raph the Metallomancer (GrEE)                      Turns: 81594, Time: 03:42:52

Health: -12/193    AC: 53    Str: 19 (20) XL:     27
Magic:  16/43      EV: 19    Int: 32      God:    Ashenzari [******]
Gold:   2763       SH:  8    Dex: 20      Spells: 3/59 levels left

rFire    + + .     SeeInvis +   a - +3 broad axe "Ultimatum" {pain, rC+ Str+7} (curse)
rCold    . . .     Faith    .   Z - +2 buckler {AC+3} (curse)
rNeg     + . .     Spirit   .   N - +3 fire dragon scales (curse)
rPois    ∞         Reflect  .   D - +1 helmet "Xaster" {Int+6} (curse)
rElec    +         Harm     .   V - +2 cloak (curse)
rCorr    .         Rampage  .   R - +1 pair of gloves (curse)
Will     ++...     Clarity  +   t - +1 pair of boots (curse) Stlth ++++......Rnd*Tele +
                                d - amulet of regeneration (curse)
HPRegen  0.82/turn              v - +4 ring of protection (curse)
MPRegen  0.28/turn              o - +6 ring of dexterity (curse)

@: flying, very slightly contaminated, studying 3 skills
A: big wings, hooves 2, agile 1, deformed body, deterioration 1, negative energy
resistance 1, sense surroundings 1, robust 1, electricity resistance,
teleportitis 2, unbreathing, petrification resistance, miasma immunity, AC +20
}: 3/15 runes: barnacled, abyssal, gossamer
a: Stop Flying, Renounce Religion, Curse Item, Scrying, Transfer Knowledge


You were on level 5 of the Realm of Zot.
You worshipped Ashenzari.
Ashenzari was exalted by your worship.
You visited 10 branches of the dungeon, and saw 49 of its levels.
You visited the Abyss 7 times.
You visited 1 bazaar.

You collected 7602 gold pieces.
You spent 4839 gold pieces at shops.

Inventory:

Hand Weapons
 a - the cursed +3 broad axe "Ultimatum" (weapon) {pain, rC+ Str+7}
   (You acquired it on level 5 of the Dungeon)

   In the hands of one skilled in necromantic magic, it inflicts extra damage on
   living creatures.
   It affects your strength (+7).
   It protects you from cold.
   It has a curse placed upon it.
 c - a +8 vorpal broad axe
Missiles
 b - 1730 stones
Armour
 t - a cursed +1 pair of boots (worn)
 D - the cursed +1 helmet "Xaster" (worn) {Int+6}
   (You found it on level 3 of the Elven Halls)

   It affects your intelligence (+6).
   It has a curse placed upon it.
 N - cursed +3 fire dragon scales (worn)
 R - a cursed +1 pair of gloves (worn)
 V - a cursed +2 cloak (worn)
 Z - a cursed +2 buckler of protection (worn)
Jewellery
 d - a cursed amulet of regeneration (around neck)
 j - the ring of Seuhyto {+Blink rC+}
   (You found it on level 2 of the Shoals)

   [ring of protection from cold]

   It protects you from cold.
   It lets you blink.
 o - a cursed +6 ring of dexterity (right hand)
 v - a cursed +4 ring of protection (left hand)
 O - the ring "Dytosoac" {rElec Str+2 Stlth+}
   (You took it off a deep elf master archer on level 3 of the Elven Halls)

   [ring of stealth]

   It affects your strength (+2).
   It insulates you from electricity.
   It makes you more stealthy.
 S - the ring "Jopiang" {+Blink Will- EV+4 Str+2}
   (You found it on level 3 of the Elven Halls)

   [ring of evasion]

   It affects your evasion (+4).
   It affects your strength (+2).
   It affects your willpower, your defense against some magical effects.
   It lets you blink.
Wands
 f - a wand of paralysis (41)
 x - a wand of flame (183)
 C - a wand of acid (40)
 H - a wand of disintegration (50)
 I - a wand of digging (11)
Scrolls
 g - 18 scrolls of teleportation
 h - 2 scrolls of summoning
 l - a scroll of blinking
 n - 9 scrolls of fog
 s - 6 scrolls of amnesia
 w - 6 scrolls of fear
 y - 3 scrolls of silence
 A - 2 scrolls of magic mapping
 F - 37 scrolls of identify
 P - a scroll of enchant weapon
 Q - 9 scrolls of remove curse
 Y - 2 scrolls of holy word
Potions
 e - 5 potions of might
 i - 7 potions of heal wounds
 k - 7 potions of haste
 m - 3 potions of resistance
 p - 6 potions of invisibility
 r - 16 potions of curing
 E - 4 potions of brilliance
 G - 4 potions of cancellation
 K - a potion of berserk rage
 L - 7 potions of ambrosia
 M - 8 potions of mutation
Books
 q - a manual of Slings
 z - a manual of Unarmed Combat
 X - a manual of Evocations
Miscellaneous
 B - a lightning rod (4/4)
 T - a condenser vane
 U - a phial of floods


   Skills:
 - Level 19.0 Fighting
 - Level 16.1(20.0) Axes
 - Level 12.9(17.0) Armour
 - Level 9.1(13.4) Dodging
 - Level 11.5 Stealth
 - Level 3.3(6.0) Shields
 - Level 16.5 Spellcasting
 + Level 15.2(19.2) Conjurations
 - Level 15.1(19.1) Necromancy
 - Level 0.7(2.8) Transmutations
 - Level 9.6(13.9) Ice Magic
 + Level 25.8(27) Earth Magic
 - Level 2.7(6.4) Poison Magic
 - Level 10.5(14.7) Evocations


You had 3 spell levels left.
You knew the following spells:

 Your Spells              Type           Power        Failure   Level
a - Lehudib's Crystal Sp  Conj/Erth      54%          1%          8
b - Passwall              Tmut/Erth      74%          0%          2
c - Shatter               Erth           57%          6%          9
d - Lee's Rapid Deconstr  Erth           57%          0%          5
e - Agony                 Necr           99%          1%          5
f - Death Channel         Necr           49%          1%          6
g - Iron Shot             Conj/Erth      54%          1%          6
h - Vampiric Draining     Necr           49%          0%          3
j - Borgnjor's Vile Clut  Necr/Erth      54%          0%          5
k - Apportation           Tloc           60%          2%          1
l - Simulacrum            Ice/Necr       46%          1%          6

Your spell library contained the following spells:

 Spells                   Type           Power        Failure   Level
 Animate Skeleton         Necr           100%         0%          1
 Freeze                   Ice            100%         0%          1
 Magic Dart               Conj           100%         0%          1
 Pain                     Necr           100%         0%          1
 Sandblast                Erth           100%         0%          1
 Stone Arrow              Conj/Erth      100%         0%          3
 Beastly Appendage        Tmut           88%          1%          1
 Foxfire                  Conj/Fire      100%         1%          1
 Shock                    Conj/Air       100%         1%          1
 Corpse Rot               Necr/Air       N/A          1%          2
 Ensorcelled Hibernation  Hex/Ice        100%         1%          2
 Poisonous Vapours        Pois/Air       98%          1%          2
 Wereblood                Tmut           44%          1%          2
 Conjure Flame            Conj/Fire      74%          1%          3
 Dazzling Flash           Conj/Hex       100%         1%          3
 Mephitic Cloud           Conj/Pois/Air  70%          1%          3
 Spider Form              Tmut/Pois      27%          1%          3
 Corona                   Hex            33%          2%          1
 Ignite Poison            Fire/Tmut/Pois 47%          2%          3
 Blink                    Tloc           N/A          4%          2
 Call Imp                 Summ           30%          4%          2
 Slow                     Hex            30%          4%          2
 Swiftness                Air            30%          4%          2
 Call Canine Familiar     Summ           30%          9%          3
 Confusing Touch          Hex            30%          9%          3
 Gell's Gravitas          Tloc           15%          9%          3
 Inner Flame              Hex/Fire       30%          9%          3
 Lesser Beckoning         Tloc           15%          9%          3
 Portal Projectile        Hex/Tloc       60%          9%          3
 Teleport Other           Tloc           30%          9%          3
 Tukima's Dance           Hex            30%          9%          3
 Animate Dead             Necr           49%          0%          4
 Dispel Undead            Necr           99%          0%          4
 Hailstorm                Conj/Ice       93%          1%          4
 Ice Form                 Ice/Tmut       69%          1%          4
 Iskenderun's Mystic Bla  Conj/Tloc      74%          1%          4
 Leda's Liquefaction      Hex/Erth       43%          1%          4
 Petrify                  Tmut/Erth      89%          1%          4
 Sticky Flame             Conj/Fire      74%          1%          4
 Summon Ice Beast         Ice/Summ       65%          1%          4
 Bolt of Magma            Conj/Fire/Erth 45%          1%          5
 Excruciating Wounds      Necr           49%          1%          5
 Fireball                 Conj/Fire      37%          1%          5
 Irradiate                Conj/Tmut      38%          1%          5
 Iskenderun's Battlesphe  Conj           99%          1%          5
 Ozocubu's Refrigeration  Ice            43%          1%          6
 Orb of Destruction       Conj           49%          1%          7
 Metabolic Englaciation   Hex/Ice        32%          4%          5
 Freezing Cloud           Conj/Ice/Air   39%          5%          6
 Conjure Ball Lightning   Conj/Air       37%          10%         6
 Borgnjor's Revivificati  Necr           49%          10%         8
 Infestation              Necr           49%          10%         8
 Alistair's Intoxication  Tmut/Pois      36%          16%         5
 Cause Fear               Hex            15%          28%         4
 Passage of Golubria      Tloc           N/A          28%         4
 Summon Lightning Spire   Summ/Air       30%          28%         4
 Blade Hands              Tmut           22%          30%         5
 Yara's Violent Unravell  Hex/Tmut       18%          45%         5
 Spellforged Servitor     Conj/Summ      37%          45%         7
 Haunt                    Necr/Summ      37%          47%         7
 Silence                  Hex/Air        15%          61%         5
 Summon Forest            Summ/Tloc      15%          61%         5
 Eringya's Noxious Bog    Tmut/Pois      27%          63%         6
 Death's Door             Necr           49%          82%         9
 Hydra Form               Tmut           22%          86%         6
 Necromutation            Tmut/Necr      38%          95%         8
 Dispersal                Tloc           15%          99%         6
 Invisibility             Hex            30%          99%         6
 Shadow Creatures         Summ           N/A          99%         6
 Chain Lightning          Conj/Air       37%          99%         8
 Dragon Form              Tmut           22%          100%        7
 Summon Hydra             Summ           15%          100%        7
 Discord                  Hex            15%          100%        8
 Disjunction              Tloc           15%          100%        8
 Absolute Zero            Ice            43%          100%        9
 Dragon's Call            Summ           15%          100%        9
 Fire Storm               Conj/Fire      37%          100%        9
 Tornado                  Air            15%          100%        9
 Sublimation of Blood     Necr           Unusable     N/A         2
 Statue Form              Tmut/Erth      Unusable     N/A         6

Dungeon Overview and Level Annotations

Branches:
Dungeon (15/15)            Temple (1/1) D:7            Lair (6/6) D:8
 Shoals (4/4) Lair:3       Spider (4/4) Lair:4        Slime (0/5) Lair:6
    Orc (2/2) D:11            Elf (3/3) Orc:2        Vaults (4/5) D:14
  Crypt (0/3) Vaults:3     Depths (5/5) D:15            Zot (5/5) Depths:5

Altars:
Ashenzari
Dithmenos
Kikubaaqudgha
Makhleb
Okawaru
Ru
Sif Muna
Trog
Vehumet
Xom
The Shining One
Beogh
Jiyva

Shops:
D:5 }   D:9 *(}   D:10 [   D:12 (   D:13 [   Orc:1 :   Orc:2 [[?:   Vaults:4 (

Portals:
Hell: Depths:1 Depths:2 Depths:3 Depths:4 Depths:5
Abyss: Depths:1 Depths:4
Pandemonium: Depths:3
Ziggurat: Depths:3
Trove: Vaults:4 (give +2 gold dragon scales)

Annotations:
Elf:3 2 exclusions
Zot:3 2 transporters
Zot:5 exclusions: obsidian statue and 1 more exclusion


Innate Abilities, Weirdness & Mutations

You are resistant to torment.
Your stone body is resilient. (AC +20)
You are immune to poison.
Your large and strong wings let you fly indefinitely.
You resist negative energy. (rN+)
You are resistant to electric shocks. (rElec)
You can survive without breathing.
You are immune to petrification.
You are immune to miasma.
You have hoof-like feet.
You are agile. (Dex +2)
Armour fits poorly on your strangely shaped body.
Your body sometimes deteriorates upon taking damage.
You passively map a small area around you.
You are robust. (+10% HP)
You are sometimes teleported next to monsters.


Message History

The Killer Klown blinks!
The Orb Guardian completely misses you.
The golden dragon completely misses you.
The golden dragon misses you.
The golden dragon tramples you but does no damage.
Casting: Shatter (dangerous; 6% risk of failure)
Confirm with . or Enter, or press ? or * to list all spells.
The dungeon rumbles!
The Orb Guardian is almost dead.
The golden dragon is lightly wounded.
The Orb Guardian is almost dead.
The moth of wrath is almost dead.
The tentacled monstrosity is severely wounded.
Ka-crash!
You hear a chilling moan.
The Orb Guardian hits you!
* * * LOW HITPOINT WARNING * * *
The Orb Guardian hits you.
* * * LOW HITPOINT WARNING * * *
The Orb Guardian hits you.
* * * LOW HITPOINT WARNING * * *
The golden dragon bites you!!
You die...

*,,,,,,......^.....##
,,,,,,,.............#▓
,,,,,,,..............
,,,,,,,........^^...#
,,,,,,,.....§^......#
,,,,,,^.............#
,,,,,,,......X..y...#▓
*,,,,,,........DXX...▓
**,,,,,.........@.##**
**,,,,^.........#.▓
*******###.#.##..# ▓
≈≈≈,* *# ..#. ≈≈≈,*
##.*# ≈≈≈,* ##* ≈≈≈,*
≈≈≈,* ≈≈≈,*


You could see a tentacled monstrosity, a golden dragon (berserk), 2 Orb
Guardians and a moth of wrath.

Vanquished Creatures
  4 ancient liches
  Mara (Depths:1)
  5 orbs of fire
  2 juggernauts
  Boris (Vaults:2)
  The ghost of PanSaczeczos the Bringer of Law, a veteran HaAr of Zin (Depths:2)
  11 golden dragons
  Nikola (Spider:4)
  A bone dragon (Abyss:1)
  Jorgrun (D:13)
  11 tentacled monstrosities
  5 Orb Guardians
  2 liches
  A titan (Depths:4)
  2 deep elf master archers (Elf:3)
  2 sphinxes
  2 deep elf blademasters (Elf:3)
  4 quicksilver dragons
  9 tentacled starspawn
  7 death cobs
  7 shadow dragons
  8 storm dragons
  6 tengu reavers
  Roxanne (D:14)
  4 draconian monks
  A daeva (Abyss:3)
  The ghost of Eddaez Biosh the Severer, a journeyman HOFi of Okawaru (Shoals:2)
  Donald (Spider:2)
  5 fire giants
  Aizul (Depths:2)
  7 draconian knights
  5 ghost moths
  7 deep elf sorcerers
  An orc warlord (Orc:2)
  2 iron dragons
  8 vault wardens
  2 draconian shifters (Zot:4)
  A caustic shrike zombie (D:15)
  10 frost giants
  4 draconian scorchers
  6 emperor scorpions
  5 deep elf elementalists (Elf:3)
  3 draconian stormcallers
  2 spriggan defenders
  4 draconian annihilators
  7 vampire knights
  13 stone giants
  2 grey draconians (Depths:5)
  9 very ugly things
  10 ironheart preservers
  Nessos (D:15)
  8 green draconians
  7 deep elf annihilators
  7 deep elf demonologists
  8 black draconians
  9 yellow draconians
  2 lorocyprocas
  Azrael (D:13)
  10 white draconians
  5 purple draconians
  10 red draconians
  5 merfolk javelineers
  5 entropy weavers
  A minotaur (shapeshifter) (Depths:1)
  6 deep elf death magi
  14 ettins
  5 spark wasps
  A jiangshi (Depths:3)
  2 crystal guardians (Abyss:4)
  An eidolon (Abyss:4)
  Snorg (D:11)
  A green death (Abyss:1)
  8 fire dragons
  Josephine (D:13)
  Erolcha (D:11)
  12 merfolk impalers
  4 rakshasas
  2 deep elf high priests (Elf:3)
  12 yaktaur captains
  A great orb of eyes (shapeshifter) (Abyss:4)
  21 ogre magi
  6 great orbs of eyes
  7 hydras
  8 boulder beetles
  9 vault guards
  2 spriggan air magi
  15 ice dragons
  2 merfolk avatars
  4 death knights
  A two-headed ogre (shapeshifter) (Depths:1)
  6 centaur warriors
  The ghost of Buchaag the Cleaver, a novice MiMo of Makhleb (D:13)
  4 catoblepae
  27 dancing weapons
  2 alligator snapping turtles
  45 two-headed ogres
  5 merfolk aquamancers (Shoals:4)
  2 satyrs
  5 hell hogs
  9 thrashing horrors
  9 deep troll earth magi
  7 deep troll shamans
  14 death yaks
  7 tengu warriors
  3 spriggan berserkers
  A vampire mage (D:15)
  An orc high priest (Orc:2)
  Sonja (D:13)
  A storm dragon zombie (Abyss:1)
  5 wretched stars
  2 hell knights
  2 iron trolls (Depths:4)
  22 deep elf knights
  9 skeletal warriors
  3 spatial maelstroms
  10 unseen horrors
  10 sea snakes
  15 deep trolls
  3 swamp dragons (Depths:5)
  16 wizards
  A glowing orange brain (shapeshifter) (Depths:4)
  A flayed ghost (Abyss:3)
  3 glowing orange brains
  6 phantasmal warriors
  17 deep elf archers
  11 orc knights
  A wolf spider zombie (D:14)
  3 ironbrand convokers
  A shadow dragon zombie (Depths:2)
  An orb spider (shapeshifter) (Vaults:1)
  23 wolf spiders
  13 harpies
  70 deep elf magi
  7 orc sorcerers
  2 necromancers
  15 orb spiders
  6 cyclopes
  18 manticores
  A salamander (Depths:2)
  A shadow dragon skeleton (D:15)
  27 ugly things
  14 fauns
  4 worldbinders
  A frost giant skeleton (Depths:2)
  3 guardian serpents (shapeshifter)
  A tengu skeleton (D:15)
  8 elephants (Lair:6)
  7 merfolk sirens
  10 vault sentinels
  30 moths of wrath
  4 torpor snails
  A centaur zombie (D:11)
  6 naga magi (D:11)
  An apocalypse crab (Abyss:1)
  A black mamba (Lair:5)
  5 smoke demons
  2 water nymphs
  A black mamba (shapeshifter) (Vaults:3)
  5 spectral swamp worms (Depths:4)
  3 orange demons
  13 cane toads
  4 rime drakes
  34 yaktaurs
  A kobold demonologist (Elf:1)
  22 demonic crawlers
  5 komodo dragons
  3 freezing wraiths
  5 hellwings (Abyss:3)
  3 tengu conjurers
  5 ancient zymes
  11 trolls
  A tyrant leech (shapeshifter) (Abyss:4)
  33 jumping spiders
  3 meliai (D:12)
  2 wind drakes
  17 merfolk
  13 large abominations
  5 polar bears
  22 raiju
  17 hornets
  A slime creature (shapeshifter) (Elf:2)
  A slime creature (Depths:4)
  A fire dragon zombie (D:15)
  9 dream sheep
  19 blink frogs
  12 snapping turtles
  8 flying skulls
  29 tarantellas
  2 shadows
  10 water elementals
  Eustachio (D:6)
  10 wraiths
  58 redbacks
  4 spriggans (Depths:4)
  64 yaks
  7 humans (D:14)
  8 wyverns
  5 ynoxinuls
  2 air elementals (Elf:3)
  5 fire elementals
  6 hogs (Spider:4)
  2 basilisks
  6 neqoxecs
  3 vampire mosquitoes (D:12)
  2 chaos spawn
  5 wargs
  7 spatial vortices
  An acid dragon (Vaults:2)
  15 water moccasins
  A naga (shapeshifter) (Depths:1)
  A water moccasin (shapeshifter) (Abyss:1)
  7 hell hounds
  A floating eye (Depths:5)
  Duvessa (D:6)
  2 eyes of draining
  30 orc warriors
  3 ice beasts
  5 sky beasts
  2 phantoms
  9 black bears
  A black bear (shapeshifter) (Depths:3)
  2 necrophages (D:12)
  57 ogres
  15 boggarts
  11 wolves
  22 centaurs
  2 big kobolds
  15 small abominations
  20 bullfrogs
  4 earth elementals
  A water moccasin zombie (D:7)
  2 wyvern skeletons
  4 scorpions
  Dowan (D:6)
  5 killer bees
  2 howler monkeys (D:8)
  3 wights (D:11)
  3 electric eels
  A crimson imp (Abyss:3)
  5 starcursed masses
  3 bullfrog zombies (D:12)
  10 quasits
  13 hounds
  6 jellies
  7 centaur skeletons
  11 orc priests
  2 iron imps
  4 bullfrog skeletons
  6 iguanas
  22 orc wizards
  10 worker ants
  A killer bee zombie (D:10)
  2 hound skeletons
  8 gnolls
  A howler monkey skeleton (D:6)
  13 adders
  4 shadow imps
  2 white imps
  8 ufetubi
  4 oozes
  An adder skeleton (D:3)
  2 adder zombies
  4 worms
  A dart slug (D:3)
  8 leopard geckos
  92 orcs
  4 giant cockroaches
  7 goblins
  7 hobgoblins
  8 jackals
  17 kobolds
  5 quokkas
  A ball python (D:2)
  11 bats
  4 frilled lizards
  A quokka skeleton (D:4)
  7 rats
  2 crawling corpses (Elf:3)
  A lurking horror (Abyss:4)
  11 starspawn tentacles
2115 creatures vanquished.

Vanquished Creatures (collateral kills)
  A golden dragon (Zot:4)
  A tentacled monstrosity (Zot:4)
  A quicksilver dragon (Depths:3)
  A shadow dragon (Depths:3)
  Kirke (Spider:4)
  2 ghost moths (Spider:4)
  2 storm dragons
  A vault warden (Vaults:1)
  A draconian scorcher (Zot:3)
  2 fire giants
  A draconian shifter (Zot:3)
  A stone giant (Depths:3)
  An ironheart preserver (Vaults:3)
  A very ugly thing (Vaults:1)
  A spriggan defender (Depths:4)
  2 draconian annihilators (Zot:3)
  3 vampire knights
  2 small abominations
  2 black draconians (Depths:5)
  2 red draconians
  2 entropy weavers
  2 jiangshi (Depths:3)
  2 fire dragons
  A rakshasa (Depths:1)
  A vault guard (Vaults:4)
  A deep elf high priest (Depths:3)
  A great orb of eyes (shapeshifter) (Abyss:4)
  2 ogre magi
  A tengu warrior (D:13)
  3 death yaks
  A merfolk aquamancer (Shoals:3)
  4 two-headed ogres
  A satyr (Shoals:2)
  A merfolk avatar (Shoals:1)
  A deep troll shaman (Depths:1)
  2 thrashing horrors (Abyss:4)
  A deep troll earth mage (Depths:4)
  A deep elf knight (Vaults:4)
  A vampire mage (Depths:3)
  A hell knight (Depths:1)
  2 sea snakes
  4 deep trolls
  3 unseen horrors
  2 deep elf archers
  2 wizards (D:14)
  An ironbrand convoker (Vaults:4)
  5 harpies
  A kraken simulacrum (Shoals:4)
  A deep elf mage (Vaults:4)
  A necromancer (D:15)
  3 orb spiders
  4 ugly things
  5 fauns
  2 wolf spiders
  2 manticores
  3 cyclopes
  A vault sentinel (Vaults:1)
  2 water nymphs
  A merfolk siren (Shoals:4)
  An orange demon (Abyss:4)
  A centaur skeleton (D:13)
  An elf skeleton (Depths:2)
  2 demonic crawlers
  A yaktaur (Depths:1)
  A freezing wraith (Vaults:4)
  A merfolk (Shoals:3)
  6 jumping spiders
  A blink frog (Lair:6)
  3 dream sheep (Shoals:2)
  A water elemental (Shoals:3)
  A tarantella (shapeshifter) (Vaults:4)
  4 yaks
  22 redbacks
  8 tarantellas
  A water moccasin (Lair:5)
  An orc warrior (Orc:2)
  6 ogres
  2 centaurs
  2 killer bees (D:13)
  2 howler monkeys (D:13)
  2 orc wizards (Orc:2)
  2 orcs (Orc:2)
  A kobold (D:14)
177 creatures vanquished.

Vanquished Creatures (others)
  A vampire knight (Depths:5)
  A fire dragon (Depths:4)
  A tengu warrior (Depths:1)
  A redback (Spider:3)
  2 humans (D:14)
  2 ogres (Depths:1)
  9 demonic plants (Abyss:4)
  22 fungi
  3 lurking horrors
  67 plants
  33 starspawn tentacles
  A tentacle (Shoals:4)
  6 withered plants (D:15)
149 creatures vanquished.

Grand Total: 2441 creatures vanquished

Notes
Turn   | Place    | Note
-------+----------+-------------------------------------------
     0 | D:1      | raph the Gargoyle Earth Elementalist began the quest for
                  | the Orb.
     0 | D:1      | Reached XP level 1. HP: 10/10 MP: 3/3
   151 | D:1      | Reached skill level 4 in Earth Magic
   256 | D:1      | Reached XP level 2. HP: 15/15 MP: 3/5
   281 | D:1      | Learned a level 2 spell: Passwall
   612 | D:1      | Reached skill level 5 in Earth Magic
   612 | D:1      | Reached XP level 3. HP: 19/19 MP: 6/6
   616 | D:1      | Learned a level 3 spell: Stone Arrow
  1393 | D:2      | Reached XP level 4. HP: 24/24 MP: 1/7
  1547 | D:2      | Reached skill level 6 in Earth Magic
  2153 | D:3      | Reached XP level 5. HP: 27/28 MP: 5/8
  2161 | D:3      | Reached skill level 7 in Earth Magic
  2344 | D:3      | Found a broken altar of Ashenzari.
  2390 | D:3      | Became a worshipper of Ashenzari the Shackled
  2538 | D:3      | Found a faded altar of an unknown god.
  3142 | D:4      | Found a bloodstained altar of Trog.
  3142 | D:4      | Found an iron altar of Okawaru.
  3146 | D:4      | Reached XP level 6. HP: 32/32 MP: 7/9
  3341 | D:4      | Reached skill level 8 in Earth Magic
  4001 | D:5      | Entered Level 5 of the Dungeon
  4010 | D:5      | Noticed a phantom
  4053 | D:5      | Killed a phantom
  4054 | D:5      | Reached skill level 9 in Earth Magic
  4139 | D:5      | Found Perig's Gadget Emporium.
  4142 | D:5      | Bought a wand of flame (16) for 99 gold pieces
  4175 | D:5      | Reached XP level 7. HP: 36/36 MP: 6/10
  4275 | D:5      | Identified a scroll of acquirement
  4275 | D:5      | Acquired the cursed +3 broad axe "Ultimatum" {pain, rC+
                  | Str+7}
  5130 | D:6      | Reached skill level 10 in Earth Magic
  5430 | D:6      | Noticed Dowan
  5430 | D:6      | Noticed Duvessa
  5438 | D:6      | Killed Dowan
  5443 | D:6      | Killed Duvessa
  5540 | D:6      | Reached skill level 11 in Earth Magic
  5540 | D:6      | Reached XP level 8. HP: 41/41 MP: 8/11
  5578 | D:6      | Learned a level 5 spell: Lee's Rapid Deconstruction
  5584 | D:6      | Noticed Eustachio
  5592 | D:6      | Killed Eustachio
  5593 | D:6      | Reached skill level 1 in Fighting
  5593 | D:6      | Reached skill level 1 in Axes
  5733 | D:6      | Found an ancient bone altar of Kikubaaqudgha.
  6088 | D:6      | Reached * piety under Ashenzari
  6759 | D:7      | Found a staircase to the Ecumenical Temple.
  7127 | D:7      | Reached XP level 9. HP: 51/51 MP: 10/12
  7668 | D:8      | Reached skill level 5 in Stealth
  7668 | D:8      | Reached skill level 1 in Necromancy
  7726 | D:8      | Reached skill level 12 in Earth Magic
  8300 | D:8      | Found a staircase to the Lair.
  8463 | D:8      | Reached skill level 5 in Fighting
  8463 | D:8      | Reached skill level 5 in Axes
  8463 | D:8      | Reached XP level 10. HP: 59/59 MP: 0/13
  8609 | D:8      | Found a bloodstained altar of Trog.
  8631 | D:8      | Reached ** piety under Ashenzari
  8693 | Lair:1   | Entered Level 1 of the Lair of Beasts
  8818 | Lair:1   | Noticed a cane toad
  8827 | Lair:1   | Killed a cane toad
  8879 | Lair:1   | Noticed an eight-headed hydra
  8894 | Lair:1   | Killed an eight-headed hydra
  8899 | Lair:1   | Noticed a cane toad
  8978 | Lair:1   | Killed a cane toad
  9070 | Lair:1   | Noticed a cane toad
  9082 | Lair:1   | Killed a cane toad
  9350 | Lair:1   | Noticed a six-headed hydra
  9364 | Lair:1   | Killed a seven-headed hydra
  9365 | Lair:1   | Reached XP level 11. HP: 24/63 MP: 3/14
  9524 | Lair:1   | Reached skill level 10 in Axes
  9580 | Lair:1   | Reached skill level 1 in Shields
 10518 | Lair:2   | Noticed a five-headed hydra
 10615 | Lair:2   | Noticed a death yak
 10695 | Lair:2   | Noticed a death yak
 10697 | Lair:2   | Noticed a death yak
 10710 | Lair:2   | Noticed a death yak
 10734 | Lair:1   | Killed a death yak
 11017 | Lair:1   | Killed a death yak
 11018 | Lair:1   | Reached skill level 5 in Necromancy
 11430 | Lair:2   | Reached *** piety under Ashenzari
 11469 | Lair:2   | Killed a five-headed hydra
 11777 | Lair:2   | Noticed a death yak
 11777 | Lair:2   | Noticed a death yak
 11883 | Lair:3   | Reached XP level 12. HP: 68/68 MP: 4/15
 12387 | Lair:3   | Noticed an eight-headed hydra
 12394 | Lair:3   | Killed an eight-headed hydra
 12710 | Lair:3   | Found a staircase to the Shoals.
 12932 | Lair:3   | Reached skill level 1 in Evocations
 13327 | Lair:3   | Found a shadowy altar of Dithmenos.
 13805 | Lair:3   | Learned a level 3 spell: Dazzling Flash
 14066 | Lair:3   | Reached **** piety under Ashenzari
 14487 | Lair:4   | Reached skill level 1 in Conjurations
 15010 | Lair:4   | Found a hole to the Spider Nest.
 15281 | Lair:5   | Noticed a six-headed hydra
 15289 | Lair:5   | Killed a six-headed hydra
 15524 | Lair:5   | Acquired the cursed +3 hat "Gozec" {rF+}
 15542 | Lair:5   | Noticed a six-headed hydra
 15548 | Lair:5   | Killed a six-headed hydra
 15549 | Lair:5   | Reached XP level 13. HP: 72/72 MP: 3/17
 15662 | Lair:5   | Reached ***** piety under Ashenzari
 16211 | Lair:6   | Entered Level 6 of the Lair of Beasts
 16488 | D:9      | Found a shimmering altar of Xom.
 16490 | D:9      | Found a radiant altar of Vehumet.
 16543 | D:9      | Found Heum's General Store.
 16551 | D:9      | Bought a scroll of enchant armour for 90 gold pieces
 16607 | D:9      | Found Ennang's Gadget Shoppe.
 16743 | D:9      | Found a glowing golden altar of the Shining One.
 17095 | D:9      | Found Viagg's Weapon Shop.
 17166 | D:10     | Entered Level 10 of the Dungeon
 17716 | D:10     | Found Kostrixt's Antique Armour Boutique.
 17724 | D:10     | Bought an embroidered robe for 85 gold pieces
 17724 | D:10     | Bought a runed robe for 85 gold pieces
 17724 | D:10     | Bought a pair of runed boots for 172 gold pieces
 17724 | D:10     | Bought a glowing cloak for 172 gold pieces
 18037 | D:11     | Noticed Snorg
 18041 | D:11     | Killed Snorg
 18149 | D:11     | Noticed Erolcha
 18155 | D:11     | Killed Erolcha
 18156 | D:11     | Reached skill level 13 in Earth Magic
 18294 | D:11     | Learned a level 4 spell: Leda's Liquefaction
 18317 | D:11     | Found a roughly hewn altar of Beogh.
 18317 | D:11     | Found a staircase to the Orcish Mines.
 19195 | D:11     | Identified Heskunt's Collected Works on the Frostbite
 19213 | D:11     | Identified the Grimoire of Necromancy
 19218 | D:11     | Identified the +11 whip "Qegocvupsa" {speed, Str+4 Int+4}
 19287 | D:11     | Found a shimmering blue altar of Sif Muna.
 19288 | D:11     | Noticed a deep elf sorcerer
 19289 | D:11     | Cast into level 2 of the Abyss (a deep elf sorcerer)
 19289 | Abyss:2  | Found a corrupted altar of Lugonu.
 19299 | Abyss:2  | Identified the +2 robe "Rocvups" {rElec Str+9}
 19320 | D:11     | Escaped the Abyss
 19336 | D:11     | Cast into level 2 of the Abyss (a deep elf sorcerer)
 19343 | Abyss:2  | HP: 3/75 [sun demon (5)]
 19584 | Abyss:2  | Reached ****** piety under Ashenzari
 19602 | D:11     | Escaped the Abyss
 19665 | D:12     | Gained mutation: Your large and strong wings let you fly
                  | indefinitely. [Gargoyle growth]
 19665 | D:12     | Reached XP level 14. HP: 55/80 MP: 5/21
 19865 | D:12     | Reached skill level 5 in Spellcasting
 19890 | D:12     | Learned a level 5 spell: Agony
 20875 | D:12     | Found Voicon's Weapon Boutique.
 21023 | Orc:1    | Entered Level 1 of the Orcish Mines
 21668 | Orc:1    | Learned a level 6 spell: Death Channel
 21770 | Orc:1    | Found Nujivapo's Book Emporium.
 21939 | Orc:1    | Found a roughly hewn altar of Beogh.
 22208 | Orc:2    | Entered Level 2 of the Orcish Mines
 22400 | Orc:2    | Reached skill level 10 in Necromancy
 22411 | Orc:2    | Paralysed by an ogre mage for 6 turns
 22432 | Orc:2    | Paralysed by an ogre mage for 3 turns
 22442 | Orc:2    | Reached skill level 15 in Axes
 22451 | Orc:2    | Noticed an orc warlord
 22651 | Orc:2    | Found a staircase to the Elven Halls.
 22959 | Orc:2    | Killed an orc warlord
 22960 | Orc:2    | Reached XP level 15. HP: 80/90 MP: 14/25
 23231 | Orc:2    | Found Baomid's Magic Scroll Shoppe.
 23231 | Orc:2    | Found Menkoq's Antique Armour Shop.
 23231 | Orc:2    | Found Yfrulaaj's Book Boutique.
 23231 | Orc:2    | Found Yrrey's Antique Armour Shoppe.
 23272 | Orc:2    | Found a runed translucent door.
 23778 | D:5      | Bought a condenser vane for 440 gold pieces
 23783 | D:5      | Learned a level 4 spell: Leda's Liquefaction
 23826 | Temple   | Entered the Ecumenical Temple
 24153 | D:11     | Identified Sif Muna's Reference Book on the Glacier and
                  | Poison
 24327 | D:11     | Identified the Disquisition on Shifting Calling
 24329 | D:11     | Identified Qihishrae's Catalogue of Unstable Clay
 24453 | D:11     | Killed a deep elf sorcerer
 24567 | D:11     | Identified the +3 ring mail of Forking Paths {*Drain rElec
                  | rPois rF+}
 25044 | D:13     | Found a transporter.
 25055 | D:13     | Noticed Josephine
 25064 | D:13     | Killed Josephine
 25064 | D:13     | Noticed Sonja
 25068 | D:13     | Noticed Buchaag's ghost (novice MiMo)
 25208 | D:13     | Noticed Azrael
 25213 | D:13     | Killed Azrael
 25228 | D:13     | Killed Sonja
 25240 | D:13     | Found a transporter.
 25327 | D:13     | Found a shimmering altar of Xom.
 25336 | D:13     | Noticed Jorgrun
 25355 | D:13     | Killed Jorgrun
 25456 | D:13     | Identified the +3 leather armour "Guxzoecs" {Will+ Int+2}
 25712 | D:13     | Found Lyczesm's Antique Armour Shoppe.
 25726 | D:13     | Bought a pair of brightly glowing boots for 294 gold pieces
 25726 | D:13     | Identified the +0 pair of boots of the Mind {rF+++ Slay-5
                  | SInv Stlth-} (You bought it in a shop on level 13 of the
                  | Dungeon)
 25885 | D:14     | Identified the cursed +1 quarterstaff of Dithmenos's
                  | Generosity {antimagic, rElec}
 26357 | D:14     | Identified the +3 spear "Foaricub" {vorpal, +Inv rC+ Will+
                  | Str-5}
 26447 | D:14     | Reached skill level 10 in Fighting
 26459 | D:14     | Reached skill level 14 in Earth Magic
 26531 | D:14     | Learned a level 3 spell: Vampiric Draining
 26590 | D:14     | Cast into level 2 of the Abyss (a wizard)
 26931 | Abyss:2  | Noticed a Hell Sentinel
 26950 | Abyss:2  | Noticed a tentacled starspawn
 26986 | Abyss:2  | Noticed a tentacled starspawn
 27028 | D:14     | Escaped the Abyss
 27261 | D:14     | Reached XP level 16. HP: 97/97 MP: 28/28
 27330 | D:14     | Noticed Roxanne
 27335 | D:14     | Killed Roxanne
 27627 | D:14     | Identified the +2 great sword of Jeucat {vorpal, +Blink
                  | +Fly}
 27834 | D:14     | Found a gate to the Vaults.
 27898 | D:14     | Found a sacrificial altar of Ru.
 28580 | D:13     | Killed Buchaag's ghost
 28688 | D:13     | Reached skill level 5 in Evocations
 28688 | D:13     | Reached XP level 17. HP: 103/103 MP: 29/29
 28716 | D:15     | Entered Level 15 of the Dungeon
 28943 | D:15     | Found a staircase to the Depths.
 29019 | D:15     | Noticed Nessos
 29306 | D:15     | Killed Nessos
 29888 | Orc:2    | Bought a pair of glowing gloves for 270 gold pieces
 30843 | Lair:6   | Found a runed translucent door.
 30844 | Lair:6   | Found a viscous altar of Jiyva.
 31469 | Lair:6   | Found a staircase to the Slime Pits.
 31624 | Lair:6   | Reached skill level 15 in Earth Magic
 31644 | Lair:6   | Learned a level 4 spell: Animate Dead
 32049 | Shoals:1 | Entered Level 1 of the Shoals
 32801 | Shoals:1 | Reached skill level 5 in Armour
 32801 | Shoals:1 | Reached XP level 18. HP: 84/110 MP: 20/31
 33655 | Shoals:2 | Found a runed translucent gate.
 33655 | Shoals:2 | Found a runed translucent gate.
 33655 | Shoals:2 | Found a runed translucent gate.
 33656 | Shoals:2 | Noticed Eddaez Biosh's ghost (journeyman HOFi)
 33657 | Shoals:2 | Identified the ring of Seuhyto {+Blink rC+}
 35749 | Shoals:4 | Entered Level 4 of the Shoals
 36007 | Shoals:4 | Identified the +1 robe "Sapnaok" {rN+ rCorr Dex+7 Stlth-}
 36028 | Shoals:4 | Reached skill level 5 in Dodging
 36164 | Shoals:4 | Got a barnacled rune of Zot
 36315 | Spider:1 | Entered Level 1 of the Spider Nest
 36631 | Spider:1 | Identified the amulet "Uvor" {Faith rElec rC+}
 37212 | Spider:1 | Reached skill level 10 in Stealth
 37305 | Spider:2 | Reached skill level 10 in Spellcasting
 37647 | Spider:2 | Noticed Donald
 37663 | Spider:2 | Killed Donald
 37755 | Spider:2 | Reached XP level 19. HP: 119/119 MP: 21/33
 39256 | Spider:4 | Entered Level 4 of the Spider Nest
 39392 | Spider:4 | Noticed Nikola
 39401 | Spider:4 | Killed Nikola
 39402 | Spider:4 | Reached skill level 16 in Earth Magic
 39615 | Spider:4 | Noticed Kirke
 39637 | Spider:4 | Killed Kirke
 41221 | Spider:4 | Got a gossamer rune of Zot
 41684 | Vaults:1 | Entered Level 1 of the Vaults
 41821 | Orc:1    | Bought a book of Unlife for 845 gold pieces
 41827 | Orc:1    | Learned a level 5 spell: Borgnjor's Vile Clutch
 42345 | Vaults:1 | Reached XP level 20. HP: 128/128 MP: 28/34
 42845 | Vaults:1 | Acquired the Reference Book on Earth and Darkness
 42892 | Vaults:1 | Learned a level 6 spell: Iron Shot
 44007 | Vaults:2 | Found a flickering gateway to a bazaar.
 44018 | Bazaar   | Entered a bazaar
 44037 | Bazaar   | Found Facaofom's Distillery.
 44042 | Bazaar   | Bought a potion of heal wounds for 50 gold pieces
 44042 | Bazaar   | Bought a potion of heal wounds for 50 gold pieces
 44050 | Bazaar   | Found Widwi's Magic Scroll Shop.
 44074 | Bazaar   | Found Xienusch's Book Boutique.
 44074 | Bazaar   | Found Ziggia's Gadget Shop.
 44103 | Bazaar   | Bought 2 potions of haste for 200 gold pieces
 44325 | Vaults:2 | Learned a level 1 spell: Apportation
 44463 | Vaults:2 | Reached skill level 15 in Fighting
 45227 | Vaults:2 | Noticed Boris
 45440 | Vaults:2 | Killed Boris
 45748 | Vaults:2 | Reached skill level 17 in Earth Magic
 45928 | Vaults:3 | Identified the cursed +0 leather armour of the Chupacabra
                  | {+Inv Dex+7}
 46077 | Vaults:3 | Reached skill level 5 in Conjurations
 46300 | Vaults:3 | Reached XP level 21. HP: 134/134 MP: 31/36
 46679 | Vaults:3 | Found a staircase to the Crypt.
 46802 | Vaults:3 | Identified the +4 halberd "Diakhar" {antimagic, *Slow rN+
                  | Int+7 Stlth-}
 47569 | Vaults:4 | Found Rotwedgh's Antique Weapon Boutique.
 47594 | Vaults:4 | Found a portal to a secret trove of treasure.
 47943 | Vaults:4 | Reached skill level 10 in Evocations
 49103 | Orc:2    | Found a roughly hewn altar of Beogh.
 49240 | Elf:1    | Entered Level 1 of the Elven Halls
 49507 | Elf:1    | Reached XP level 22. HP: 142/142 MP: 13/38
 49936 | Elf:1    | Reached skill level 18 in Earth Magic
 50977 | Elf:2    | Found a huge runed translucent gate.
 50977 | Elf:2    | Found a huge runed translucent gate.
 50977 | Elf:2    | Found a huge runed translucent gate.
 50977 | Elf:2    | Found a huge runed translucent gate.
 50977 | Elf:2    | Found a huge runed translucent gate.
 52575 | Elf:3    | Entered Level 3 of the Elven Halls
 53192 | Elf:3    | Learned a level 6 spell: Simulacrum
 53322 | Elf:3    | Reached skill level 1 in Ice Magic
 53894 | Elf:3    | Cast into level 2 of the Abyss (a deep elf demonologist)
 53904 | Abyss:2  | Found a stormy altar of Qazlal.
 54013 | Elf:3    | Escaped the Abyss
 54118 | Elf:3    | Reached skill level 5 in Ice Magic
 54373 | Elf:3    | Identified the +5 quarterstaff of Xoodin {vorpal, MP+9
                  | SInv}
 54382 | Elf:3    | Reached XP level 23. HP: 150/150 MP: 15/40
 54660 | Elf:3    | Identified the +8 hand axe of Kaater {antimagic, rC+}
 54667 | Elf:3    | Identified the ring of the Tempest {rElec rF- EV+4 Str+8
                  | Slay-2}
 54829 | Elf:3    | Identified the ring "Dytosoac" {rElec Str+2 Stlth+}
 54903 | Elf:3    | Identified Ishrywkics's Guide on Lightness and the
                  | Snowflakes
 54935 | Elf:3    | Identified the ring "Jopiang" {+Blink Will- EV+4 Str+2}
 54936 | Elf:3    | Identified the +7 hand crossbow of Pestilence {penet, rC-
                  | MP-9 Dex+8 Stlth+}
 54937 | Elf:3    | Identified the ring "Tock" {Ice rPois MP-9 Int+2}
 54980 | Elf:3    | Identified the +1 helmet "Xaster" {Int+6}
 55061 | Elf:3    | Identified Laazall's Reference Book on Stones
 55099 | Elf:3    | Identified the Compendium of Flamy Beguiling
 55382 | Depths:1 | Entered Level 1 of the Depths
 56172 | Depths:1 | Noticed Mara
 56243 | Depths:1 | Paralysed by a vampire knight for 3 turns
 56260 | Depths:1 | Paralysed by a vampire knight for 2 turns
 56269 | Depths:1 | Paralysed by a vampire knight for 6 turns
 56456 | Depths:1 | Killed Mara
 56917 | Depths:1 | Found a gateway to Hell.
 57203 | Depths:1 | Found a one-way gate to the infinite horrors of the Abyss.
 57552 | Depths:2 | Found a runed translucent door.
 57553 | Depths:2 | Noticed PanSaczeczos's ghost (veteran HaAr)
 57571 | Depths:2 | Identified the +7 hand crossbow of Accidental Termination
                  | {venom, rElec Stlth+}
 57610 | Depths:2 | Noticed Aizul
 57621 | Depths:2 | Killed Aizul
 57992 | Depths:2 | Noticed a juggernaut
 58005 | Depths:2 | Killed a juggernaut
 58006 | Depths:2 | Reached skill level 1 in Poison Magic
 58340 | Depths:2 | Identified the +7 mace of the Twisting Ancients {antimagic,
                  | rF+}
 58930 | Depths:2 | Identified the Disquisition on the Compass
 59618 | Depths:3 | Reached XP level 24. HP: 153/158 MP: 36/41
 59752 | Depths:3 | Paralysed by a vampire knight for 5 turns
 60099 | Depths:3 | Found a one-way gate leading to the halls of Pandemonium.
 60169 | Depths:3 | Identified the +9 war axe of the Desolation of Salt {holy,
                  | +Rage rF+ Str-5}
 60701 | Depths:3 | Found a gateway to a ziggurat.
 61838 | Depths:4 | Reached skill level 10 in Armour
 62018 | Depths:4 | Identified the +2 ring mail of the Orange Skies {rF+ Will-
                  | Str+2 Dex+4}
 62405 | Depths:4 | Reached skill level 15 in Spellcasting
 62448 | Depths:4 | Reached skill level 5 in Poison Magic
 62702 | Depths:5 | Entered Level 5 of the Depths
 63078 | Depths:5 | Noticed a juggernaut
 63195 | Depths:5 | Killed a juggernaut
 63423 | Depths:5 | Reached skill level 15 in Necromancy
 63643 | Depths:5 | Paralysed by a floating eye for 3 turns
 63897 | Depths:5 | Reached XP level 25. HP: 158/164 MP: 42/42
 64228 | Depths:5 | Found a gate to the Realm of Zot.
 64454 | Depths:5 | Identified the ring of Mexugumi {+Blink rC+}
 64684 | Depths:4 | Learned a level 9 spell: Shatter
 64869 | Depths:4 | Voluntarily entered the Abyss.
 64869 | Abyss:1  | Found a corrupted altar of Lugonu.
 64903 | Abyss:1  | Reached skill level 19 in Earth Magic
 64922 | Abyss:1  | Found a corrupted altar of Lugonu.
 64943 | Abyss:1  | Reduced skill Poison Magic to level 5
 65105 | Abyss:3  | Found a broken altar of Ashenzari.
 65105 | Abyss:3  | Found an iron altar of Okawaru.
 65105 | Abyss:3  | Found a glowing golden altar of the Shining One.
 65105 | Abyss:3  | Found a burning altar of Makhleb.
 65105 | Abyss:3  | Found a shimmering blue altar of Sif Muna.
 65105 | Abyss:3  | Found a hide-covered altar of Uskayaw.
 65106 | Abyss:3  | Found a shadowy altar of Dithmenos.
 65106 | Abyss:3  | Found a sparkling altar of Nemelex Xobeh.
 65106 | Abyss:3  | Found a basalt altar of Yredelemnul.
 65106 | Abyss:3  | Found a white marble altar of Elyvilon.
 65107 | Abyss:3  | Found a glowing silver altar of Zin.
 65109 | Abyss:3  | Found a hazy altar of Hepliaklqana.
 65109 | Abyss:3  | Found a radiant altar of Vehumet.
 65109 | Abyss:3  | Found an opulent altar of Gozag.
 65111 | Abyss:3  | Found a shimmering altar of Xom.
 65111 | Abyss:3  | Found a bloodstained altar of Trog.
 65111 | Abyss:3  | Found an ancient bone altar of Kikubaaqudgha.
 65111 | Abyss:3  | Found a blossoming altar of Fedhas.
 65113 | Abyss:3  | Found an ornate altar of the Wu Jian Council.
 65113 | Abyss:3  | Found a blossoming altar of Fedhas.
 65113 | Abyss:3  | Found a stormy altar of Qazlal.
 65239 | Abyss:3  | Found a shadowy altar of Dithmenos.
 65239 | Abyss:3  | Found a white marble altar of Elyvilon.
 65239 | Abyss:3  | Found a hide-covered altar of Uskayaw.
 65241 | Abyss:3  | Found a broken altar of Ashenzari.
 65241 | Abyss:3  | Found a sparkling altar of Nemelex Xobeh.
 65307 | Abyss:3  | Found a broken altar of Ashenzari.
 65390 | Abyss:3  | Reached skill level 20 in Earth Magic
 65525 | Depths:4 | Escaped the Abyss
 65735 | Depths:4 | Voluntarily entered the Abyss.
 66482 | Abyss:1  | Found a corrupted altar of Lugonu.
 66798 | Abyss:1  | Reached skill level 21 in Earth Magic
 66897 | Abyss:1  | Noticed an ancient lich
 66912 | Abyss:1  | Paralysed by an ancient lich for 5 turns
 66921 | Abyss:1  | Killed an ancient lich
 67164 | Abyss:3  | Found a corrupted altar of Lugonu.
 67479 | Abyss:3  | Found a corrupted altar of Lugonu.
 67485 | Abyss:3  | Identified the ring "Naunodac" {Fire Will+ Str-5 Int+2}
 67485 | Abyss:3  | Found a transporter.
 68272 | Abyss:4  | Got an abyssal rune of Zot
 68277 | Abyss:4  | Reached skill level 22 in Earth Magic
 68277 | Abyss:4  | Reached XP level 26. HP: 69/172 MP: 26/42
 68494 | Abyss:4  | Identified the +8 chain mail of Hiepip {Str+4 Int+4}
 68502 | Depths:4 | Escaped the Abyss
 68647 | Zot:1    | Entered Level 1 of the Realm of Zot
 68991 | Orc:2    | Bought a book of Annihilations for 1987 gold pieces
 70460 | Zot:1    | Learned a level 8 spell: Lehudib's Crystal Spear
 71126 | Zot:2    | Identified the +6 rapier "Ajeafas" {venom, rC+}
 71637 | Zot:2    | Reached skill level 23 in Earth Magic
 72729 | Zot:3    | Identified the ring of Ulaxazxikh {+Fly rElec rPois Dex+6}
 72731 | Zot:3    | Found a transporter.
 73040 | Zot:3    | Noticed an orb of fire
 73048 | Zot:3    | Gained mutation: You are weak. (Str -2) [an orb of fire]
 73050 | Zot:3    | Killed an orb of fire
 73631 | Zot:3    | Reached skill level 10 in Conjurations
 74400 | Zot:3    | Found a transporter.
 74459 | Zot:3    | Reached XP level 27. HP: 160/176 MP: 36/43
 74512 | Zot:3    | Identified the +3 shortbow of Iluw {vorpal, Int+3}
 74513 | Zot:3    | Identified the ring "Jerph" {Fire rElec Int+2 Stlth+}
 74865 | Zot:4    | Reached skill level 24 in Earth Magic
 77725 | Shoals:2 | Killed Eddaez Biosh's ghost
 77810 | Shoals:2 | Acquired a book of Power
 78283 | Depths:2 | Killed PanSaczeczos's ghost
 78430 | Depths:2 | Identified the Compendium of the Valley
 79693 | Zot:5    | Entered Level 5 of the Realm of Zot
 80084 | Zot:4    | Reached skill level 25 in Earth Magic
 80235 | Zot:5    | Noticed an orb of fire
 80236 | Zot:5    | Gained mutation: Scrolls take you a little longer to read.
                  | [an orb of fire]
 80238 | Zot:5    | Gained mutation: Armour fits poorly on your strangely
                  | shaped body. [an orb of fire]
 80240 | Zot:5    | Killed an orb of fire
 80479 | Zot:5    | Noticed an ancient lich
 80484 | Zot:5    | Killed an ancient lich
 80486 | Zot:5    | Noticed an orb of fire
 80488 | Zot:5    | Gained mutation: You are agile. (Dex +2) [an orb of fire]
 80494 | Zot:5    | Lost mutation: Scrolls take you a little longer to read.
                  | [an orb of fire]
 80496 | Zot:5    | Killed an orb of fire
 80498 | Zot:5    | Noticed an ancient lich
 80643 | Zot:5    | Paralysed by an ancient lich for 3 turns
 80648 | Zot:5    | Killed an ancient lich
 80751 | Zot:5    | Noticed an orb of fire
 80752 | Zot:5    | Gained mutation: Your spells are a little easier to cast,
                  | but a little less powerful. [an orb of fire]
 80756 | Zot:5    | Gained mutation: You are occasionally teleported next to
                  | monsters. [an orb of fire]
 80757 | Zot:5    | Gained mutation: Your body sometimes deteriorates upon
                  | taking damage. [an orb of fire]
 80757 | Zot:5    | Noticed an orb of fire
 80760 | Zot:5    | Killed an orb of fire
 80959 | Zot:5    | Lost mutation: Your spells are a little easier to cast, but
                  | a little less powerful. [potion of mutation]
 80959 | Zot:5    | Lost mutation: You are weak. (Str -2) [potion of mutation]
 80959 | Zot:5    | Gained mutation: You passively map a small area around you.
                  | [potion of mutation]
 80959 | Zot:5    | Gained mutation: You are dopey. (Int -2) [potion of
                  | mutation]
 80959 | Zot:5    | Gained mutation: You have large cloven feet. [potion of
                  | mutation]
 80960 | Zot:5    | Lost mutation: Armour fits poorly on your strangely shaped
                  | body. [potion of mutation]
 80960 | Zot:5    | Lost mutation: You are dopey. (Int -2) [potion of mutation]
 80960 | Zot:5    | Gained mutation: You have hoof-like feet. [potion of
                  | mutation]
 80960 | Zot:5    | Gained mutation: You are robust. (+10% HP) [potion of
                  | mutation]
 80994 | Zot:5    | Noticed an ancient lich
 80996 | Zot:5    | Noticed an orb of fire
 81001 | Zot:5    | Cast into level 5 of the Abyss (an ancient lich)
 81001 | Abyss:5  | Entered Level 5 of the Abyss
 81014 | Abyss:5  | Found a corrupted altar of Lugonu.
 81019 | Zot:5    | Escaped the Abyss
 81026 | Zot:4    | Killed an orb of fire
 81027 | Zot:4    | Reached skill level 15 in Conjurations
 81175 | Zot:4    | Killed an ancient lich
 81284 | Zot:5    | Noticed an orb of fire
 81284 | Zot:5    | Gained mutation: You are sometimes teleported next to
                  | monsters. [an orb of fire]
 81285 | Zot:5    | Gained mutation: Armour fits poorly on your strangely
                  | shaped body. [an orb of fire]
 81594 | Zot:5    | Mangled by a golden dragon

Illustrated notes

Levels and vault maps discovered:
D:1:      nicolae_arrival_memento_mori, layout_basic, minmay_close_crescents
D:2:      layout_loops_ring
D:3:      layout_loops_corners, cheibrodos_ashenzari_chains,
          chequers_ecumenical_altar_simple, dk_noncrumbling_4
D:4:      layout_loops_ring, grunt_temple_overflow_bloody_war,
          minmay_misc_feat_square
D:5:      layout_basic, serial_shops, shop
D:6:      layout_layer_cave, kiku_gazebo_pond_becter, minmay_manual_mess,
          uniq_eustachio, uniq_duvessa
D:7:      layout_basic, temple_pool_b
D:8:      layout_basic, lair_entry_dummy, trog_three_pillars_becter
D:9:      layout_irregular_city, gammafunk_temple_overflow_statue, serial_shops,
          kennysheep_little_box, shop, shop, tso_metal_star
D:10:     layout_long_grid, serial_shops, shop
D:11:     evilmike_library_of_no_secrets, layout_gridville, david_orc_5,
          uniq_erolcha, uniq_snorg
D:12:     layout_basic, serial_shops, shop
D:13:     layout_loops_ring, serial_shops, shop, basic_altar,
          gammafunk_ghost_stat_death, uniq_josephine, uniq_jorgrun, uniq_sonja,
          uniq_azrael
D:14:     minmay_tri_stars, layout_long_grid, ximxim_vaults_locker_room,
          minmay_staircase_windowed_small, basic_altar,
          minmay_misc_feat_encased, minivault_5, uniq_roxanne
D:15:     gammafunk_depths_entry_grave, layout_cave_pools,
          minmay_misc_feat_ornament, serial_park, uniq_nessos
Temple:   lightli_temple_of_artemis
Lair:1:   layout_regular_city, serial_bayou_pond_e, serial_bayou_shore_a,
          lemuel_fruit_tree
Lair:2:   layout_regular_city, lemuel_fruit_fields, grunt_megastairs_5
Lair:3:   beast_lair_carwin_large_3, layout_cave_pods,
          minmay_shoals_entry_centaurs, st_stairs_3, lemuel_centaur_altar
Lair:4:   layout_loops_ring, spider_nest_entry_a
Lair:5:   layout_gridlike
Lair:6:   evilmike_catoblepas_cave, layout_long_grid, slime_altar_2,
          grunt_megastairs_2, infiniplex_staircase_pool
Shoals:1: layout_shoals
Shoals:2: layout_shoals, ebering_ghost_rock_garden,
          nicolae_shoals_square_sea_wall
Shoals:3: layout_shoals
Shoals:4: shoals_end_grunt_ice, layout_shoals, nicolae_shoals_aquamancer_cove
Spider:1: layout_spider_delve, drop_trap, guppyfry_spider_mini_2
Spider:2: layout_spider_delve, hangedman_stitches_earthworm, uniq_donald
Spider:3: layout_spider_delve, spiders_nest_the_unseen
Spider:4: grunt_spider_rune_parallel, worms_lemuel, uniq_nikola, uniq_kirke
Orc:1:    layout_diamond_mine, basic_altar, serial_shops,
          nicolae_shop_waterfront
Orc:2:    st_orc_ogre_mass, layout_caves, lightli_church_of_beogh
Elf:1:    minmay_elf_arrival_summoners, layout_rooms, hangedman_elf_disciples
Elf:2:    layout_geoelf_diagonals, roderic_nine_men_s_morris
Elf:3:    grunt_elf_hall_branching, layout_gridlike
Vaults:1: hangedman_vaults_nodes, hangedman_vaults_corner, vaults_room_grid,
          v_misc_8, nicolae_vaults_gold_heap, v_misc_8, nicolae_vaults_asterisk,
          nicolae_vaults_asterisk, nicolae_vaults_shelves_hall,
          grunt_vaults_funnel, layout_vaults_omnicross
Vaults:2: v_alt_pattern_2, vaults_room_door_hall, v_misc_11,
          nicolae_vaults_little_squares_2, hangedman_vaults_trim,
          hangedman_vaults_stretched_pinwheel, layout_vaults_omnigrid,
          serial_shops, bzr_entry_safe, uniq_boris
Vaults:3: vaults_room_glass_cross, v_misc_18, grunt_vaults_trifunnel,
          blue_anna_dwarven_crypt, v_misc_29, v_misc_27, v_misc_17,
          ontoclasm_vaults_ligature, ontoclasm_vaults_shuriken,
          nicolae_vaults_mini_display_case, layout_vaults_ring
Vaults:4: nicolae_vaults_network_quincunx
          [nicolae_vaults_network_quincunx_subvault,
          nicolae_vaults_network_quincunx_subvault,
          nicolae_vaults_network_quincunx_subvault,
          nicolae_vaults_network_quincunx_subvault,
          nicolae_vaults_network_quincunx_subvault], v_misc_31, v_alt_pattern_2,
          v_misc_4, hangedman_vaults_stitches, vaults_mumra_minichess_inversion,
          nicolae_vaults_little_squares_3, vaults_room_guarded_vault,
          layout_vaults_maze_bifur, nicolae_trove_entry_free_sample,
          serial_shops, nicolae_shop_window_shopping
Depths:1: evilmike_diamond_2, layout_basic, abyss_entry, hell_entry,
          nrook_mini_vaults, serial_curves, eino_curves_02, eino_curves_02,
          lemuel_nasty_fountain, uniq_mara
Depths:2: minmay_tri_box, layout_gridlike, hell_entry, kennysheep_donut,
          ebering_ghost_reflecting_pool, serial_sigils_hangedman_carve,
          infiniplex_staircase_pillars_1, uniq_aizul
Depths:3: hourglass_vault, layout_long_grid, enter_ziggurat_e, hell_entry,
          roderic_roman_lattice, pan_entry, grunt_megastairs_4
Depths:4: minmay_concentric_multi, layout_honeycomb, abyss_entry,
          pf_hell_entry_tar_river
Depths:5: evilmike_zot_entry_gauntlet, layout_honeycomb, hell_entry,
          minmay_misc_feat_tiny, kilobyte_mutagenic_chamber,
          roderic_lattice_octagonal_star
Zot:1:    layout_gridlike
Zot:2:    layout_basic
Zot:3:    gammafunk_dig_for_victory, layout_cathedral_of_symmetry, st_stairs_9,
          grunt_megastairs_1, lemuel_elevator
Zot:4:    layout_basic
Zot:5:    layout_gridlike

Skill      XL: |  1  2  3  4  5  6  7  8  9 10 11 12 13 14 15 16 17 18 19 20 21 22 23 24 25 26 27 |
---------------+----------------------------------------------------------------------------------+-----
Earth Magic    | 4 5 6 7 9 11 12 13 14 15 16 17 18 22 23 25 | 25.8
Fighting       | 3 5 6 9 10 11 13 14 15 16 17 18 19 | 19.0
Axes           | 2 5 9 11 13 14 15 16 | 16.1
Stealth        | 4 6 7 8 10 11 | 11.5
Necromancy     | 3 5 8 9 10 11 12 13 14 15 | 15.1
Shields        | 3 |  3.3
Evocations     | 3 4 5 8 10 | 10.5
Conjurations   | 1 5 7 8 10 15 | 15.2
Spellcasting   | 4 6 8 9 10 11 12 13 14 15 16 | 16.5
Armour         | 2 5 6 8 9 10 12 | 12.9
Dodging        | 2 4 5 6 7 8 9 |  9.1
Ice Magic      | 5 9 |  9.6
Poison Magic   | 2 6 2 |  2.7
Transmutations | |  0.7

Action                   |  1- 3 |  4- 6 |  7- 9 | 10-12 | 13-15 | 16-18 | 19-21 | 22-24 | 25-27 || total
-------------------------+-------+-------+-------+-------+-------+-------+-------+-------+-------++-------
Melee: Dagger            |    92 |   153 |   174 |       |       |       |       |       |       ||   419
       Unarmed           |    15 |       |       |       |       |       |       |       |       ||    15
       Broad axe         |       |       |    52 |   190 |   820 |   761 |  1152 |  1205 |  1550 ||  5730
Throw: Dart              |       |       |       |       |       |    12 |     2 |       |       ||    14
 Cast: Sandblast         |    34 |    28 |    66 |   100 |    32 |    20 |     1 |     1 |       ||   282
       Passwall          |     1 |       |       |     4 |    18 |     1 |     3 |     3 |    36 ||    66
       Stone Arrow       |     1 |     1 |     1 |    19 |    20 |    37 |    18 |     3 |       ||   100
       Lee's Rapid Decon |       |       |    14 |    47 |    84 |    60 |    52 |   104 |    17 ||   378
       Death Channel     |       |       |       |       |    10 |    20 |    31 |    25 |    11 ||    97
       Agony             |       |       |       |       |     2 |    16 |    15 |    12 |       ||    45
       Animate Dead      |       |       |       |       |       |     9 |     8 |     1 |     1 ||    19
       Vampiric Draining |       |       |       |       |       |     1 |     2 |     1 |     2 ||     6
       Borgnjor's Vile C |       |       |       |       |       |       |    12 |    34 |    20 ||    66
       Iron Shot         |       |       |       |       |       |       |     5 |    82 |    23 ||   110
       Simulacrum        |       |       |       |       |       |       |       |    15 |    10 ||    25
       Lehudib's Crystal |       |       |       |       |       |       |       |       |    95 ||    95
       Shatter           |       |       |       |       |       |       |       |       |    12 ||    12
       Apportation       |       |       |       |       |       |       |       |       |     2 ||     2
Invok: Curse Item        |       |     3 |     1 |     3 |     2 |     3 |       |       |     4 ||    16
       Scrying           |       |       |       |       |       |       |     1 |       |     4 ||     5
       Transfer Knowledg |       |       |       |       |       |       |       |       |     1 ||     1
 Abil: Fly               |       |       |       |       |     1 |       |       |       |       ||     1
Evoke: Wand              |       |       |       |    19 |     2 |       |     4 |     1 |     2 ||    28
       Condenser vane    |       |       |       |       |     1 |     1 |     2 |     2 |       ||     6
  Use: Scroll            |       |    14 |     8 |     6 |    13 |     5 |     9 |     4 |    22 ||    81
       Potion            |       |       |       |       |     5 |     2 |     5 |     3 |     5 ||    20
 Stab: Sleeping          |     2 |     2 |     9 |     5 |    15 |    10 |    24 |    29 |    12 ||   108
       Distracted        |       |     1 |       |       |     2 |    14 |    22 |    15 |    15 ||    69
       Held in net/web   |       |       |       |       |       |       |     2 |       |       ||     2
       Confused          |       |       |       |       |       |       |       |       |     3 ||     3
Armor: Robe              |    37 |    51 |   166 |   186 |    60 |       |       |       |       ||   500
       Troll leather arm |       |       |       |       |   358 |   406 |   492 |   568 |    39 ||  1863
       Fire dragon scale |       |       |       |       |       |       |       |       |  1040 ||  1040
Dodge: Dodged            |    82 |    98 |   186 |   179 |   429 |   449 |   829 |   835 |  1112 ||  4199
Block: Buckler           |       |       |       |    31 |   230 |   260 |   393 |   358 |   574 ||  1846
